[Event "Early-Titled-Tuesday-Blitz-February-27-2024"]
[Site "Chess.com"]
[Date "2024.02.27"]
[Round "3"]
[White "tylityli"]
[Black "betta2004"]
[Result "0-1"]
[WhiteElo "2296"]
[BlackElo "2582"]
[TimeControl "180+1"]
[EndTime "8:27:12 PST"]
[Termination "betta2004 won on time"]

1. d4 g6 2. c4 Bg7 3. e4 c5 4. d5 d6 5. Nc3 Nf6 6. Bd3 O-O 7. Nge2 a6 8. a4 a5 9. O-O Na6 10. h3 Nb4 11. Bb1 e6 12. Ra3 exd5 13. exd5 Nd7 14. Ne4 Ne5 15. b3 f5 16. Ng5 Qe7 17.
Nf4 h6 18. Nge6 g5 19. Ng6 Nxg6 20. Nxf8 Nxf8 21. Qh5 Qf7 22. Qf3 Ng6 23. Re1 Bd7 24. Bd2 Bb2 25. Bxb4 axb4 26. Ra2 Bc3 27. Rd1 Re8 28.
Re2 Nh4 29. Rxe8+ Qxe8 30. Qe3 Qxe3 31. fxe3 Kf7 32. Kf2 Ng6 33. a5 Ne5 34. Bc2 Kf6 35. g3 h5 36. Rh1 g4 37. hxg4 Nxg4+ 38. Ke2 Kg5 39. Bd1 Be5 40. Kf3 Nf6 41. Bc2 Be8 42. Bd3 Bg6 43. Rh2 Bc3 44. Ra2 Nd7 45. Bb1 Ne5+ 46.
Ke2 Kg4 47. Kf2 Nf7 48. a6 bxa6 49. Rxa6 Be5 50. Ra8 Bxg3+ 51. Kg2 h4 52. Rg8 Kg5 53. Bd3 Ne5 54. Be2 Ng4 55. Kf3 Kf6 0-1

[Event "Early-Titled-Tuesday-Blitz-February-27-2024"]
[Site "Chess.com"]
[Date "2024.02.27"]
[Round "3"]
[White "mr_gustavo"]
[Black "Njal28"]
[Result "0-1"]
[WhiteElo "2729"]
[BlackElo "3006"]
[TimeControl "180+1"]
[EndTime "8:27:14 PST"]
[Termination "Njal28 won by resignation"]

1. e4 e5 2. Nf3 Nc6 3. Bb5 a6 4. Ba4 Nf6 5. O-O d6 6. c3 Bd7 7. Bc2 g6 8. d4 Bg7 9. h3 O-O 10.
Re1 Nh5 11. Be3 Qe8 12. Nbd2 Kh8 13. dxe5 dxe5 14. Bc5 Rg8 15. Bb3 b6 16. Be3 Rf8 17. Nc4 Rd8 18. Qc2 b5 19. Ncd2 Na5 20. Bc5 Rg8 21.
Rad1 Nf4 22. Be3 Nxb3 23. Nxb3 Ne6 24. Rd5 Bc6 25. Rxe5 f6 26. Rc5 Nxc5 27. Nxc5 Qf7 28. Bd4 Rge8 29. b3 a5 30. e5 fxe5 31. Nxe5 Qd5 32.
f4 b4 33. Nxc6 Rxe1+ 34. Kf2 Qxc6 35. Kxe1 Rxd4 0-1

[Event "Early-Titled-Tuesday-Blitz-February-27-2024"]
[Site "Chess.com"]
[Date "2024.02.27"]
[Round "3"]
[White "Goryachkina"]
[Black "jamengrand"]
[Result "1-0"]
[WhiteElo "2696"]
[BlackElo "2375"]
[TimeControl "180+1"]
[EndTime "8:27:15 PST"]
[Termination "Goryachkina won by resignation"]

1. e4 c5 2. Nf3 Nc6 3. Bb5 e6 4. Bxc6 bxc6 5. d3 Ne7 6. Qe2 Ng6 7. h4 h5 8. e5 Rb8 9. Nc3 Be7 10. g3 Ba6 11. b3 Qa5 12. Bd2 Qa3 13. O-O Qb2 14.
Rfc1 Qa3 15. Ne4 Kf8 16. Bc3 c4 17. dxc4 Bd8 18. Nd6 Be7 19. Rd1 Qc5 20. Ne4 Qa3 21.
Rxd7 Bb4 22. Bxb4+ Qxb4 23. Nd6 Kg8 24. Nxf7 Rf8 25. Nxh8 Qc3 26. Rad1 Nxh8 27. Ng5 Bc8 28. Qxh5 Qxc2 29. R7d2 Qg6 30. Qxg6 Nxg6 31. Rd8 Nxe5 32. Rxf8+ Kxf8 33. Rd8+ Ke7 34. Rxc8 1-0

[Event "Early-Titled-Tuesday-Blitz-February-27-2024"]
[Site "Chess.com"]
[Date "2024.02.27"]
[Round "3"]
[White "AttackSparrow"]
[Black "Licancabur"]
[Result "1-0"]
[WhiteElo "2640"]
[BlackElo "2453"]
[TimeControl "180+1"]
[EndTime "8:27:16 PST"]
[Termination "AttackSparrow won on time"]

1. Nf3 Nf6 2. b3 d5 3. Bb2 c5 4.
e3 Nc6 5. Bb5 Bg4 6. h3 Bxf3 7.
Qxf3 e6 8. O-O Be7 9. d4 cxd4 10.
exd4 O-O 11. a3 Ne4 12. Bd3 Nf6 13. Nd2 Rc8 14. Rfe1 Qb6 15. Qe3 Bd6 16. Nf3 Rfe8 17. Rab1 a6 18. c4 dxc4 19. bxc4 Qc7 20. Qe2 h6 21. Rbc1 Ne7 22. d5 Bf4 23. dxe6 fxe6 24.
Qxe6+ Kh8 25. Bxf6 Bxc1 26. Bxe7 Rxe7 27. Qxe7 Qxe7 28.
Rxe7 Bxa3 29. Rxb7 a5 30. Ra7 1-0

[Event "Early-Titled-Tuesday-Blitz-February-27-2024"]
[Site "Chess.com"]
[Date "2024.02.27"]
[Round "3"]
[White "Knightmare1014"]
[Black "ACollins05"]
[Result "0-1"]
[WhiteElo "2293"]
[BlackElo "2582"]
[TimeControl "180+1"]
[EndTime "8:27:16 PST"]
[Termination "ACollins05 won by checkmate"]

1. e4 c5 2. Nf3 d6 3. Bb5+ Bd7 4. Bxd7+ Nxd7 5. O-O Ngf6 6. Re1 e6 7. c3 Be7 8. d4 O-O 9. h3 Rc8 10. Bf4 cxd4 11.
cxd4 d5 12. e5 Ne4 13. Nbd2 Nxd2 14. Qxd2 Qb6 15. a3 Qa6 16. Bg3 Nb6 17. b3 Qb5 18. Qe3 a5 19. Nd2 a4 20. Rab1 Qa6 21. bxa4 Nxa4 22. Rb3 Rc7 23. Reb1 Rfc8 24. Bf4 Nc3 25. Re1 b5 26. Bg5 Bxa3 27. Nb1 Nxb1 28. Rexb1 Bc1 29.
Qg3 Bxg5 30. Qxg5 h6 31. Qe3 Rb8 32. Qd3 Rc4 33. Ra3 Qc6 34. Kh2 b4 35. Rab3 Qb6 36. Rd1 Rbc8 37. Rd2 Rc3 38. Qb1 Rxb3 39. Qxb3 Rc4 40.
Qa4 Qc6 41. Qb3 Qb5 42. Ra2 Rxd4 43. Ra8+ Kh7 44. Qc2+ Qd3 45. Qc8 Qf5 46. Qg8+ Kg6 47. Kg1 Rd1+ 48. Kh2 Qf4+ 49. g3 Qxf2# 0-1

[Event "Early-Titled-Tuesday-Blitz-February-27-2024"]
[Site "Chess.com"]
[Date "2024.02.27"]
[Round "3"]
[White "Mops_2004"]
[Black "Susal_De_Silva"]
[Result "1/2-1/2"]
[WhiteElo "2833"]
[BlackElo "2618"]
[TimeControl "180+1"]
[EndTime "8:27:17 PST"]
[Termination "Game drawn by agreement"]

1. g3 Nf6 2. Bg2 d5 3. Nf3 e6 4.
O-O Be7 5. d3 O-O 6. Bf4 c5 7.
a4 b6 8. e4 dxe4 9. dxe4 Bb7 10. e5 Nd5 11. Bd2 Nc6 12. Na3 Qb8 13. Qe2 Rd8 14.
h4 Ndb4 15. Rfd1 Nd4 16. Nxd4 cxd4 17. Be4 g6 18. Qf3 Bxe4 19. Qxe4 Rd5 20. Nc4 Nc6 21. Bg5 Bxg5 22. hxg5 Nxe5 23. Nxe5 Qxe5 24. Qxe5 Rxe5 25. Rxd4 Rxg5 26. Rad1 Rc5 27. c3 Rc7 28. Kf1 Kg7 29. Ke2 Rac8 30. Kd3 f5 31. f4 Kf6 32. Re1 Re7 33. b4 Rcc7 34. c4 Rcd7 35. c5 bxc5 36. bxc5 Rxd4+ 37. Kxd4 Rd7+ 38. Kc4 Ke7 1/2-1/2

[Event "Early-Titled-Tuesday-Blitz-February-27-2024"]
[Site "Chess.com"]
[Date "2024.02.27"]
[Round "3"]
[White "agvania123"]
[Black "mary-sanna"]
[Result "0-1"]
[WhiteElo "2389"]
[BlackElo "2174"]
[TimeControl "180+1"]
[EndTime "8:27:19 PST"]
[Termination "mary-sanna won on time"]

1. e4 c5 2. Nc3 Nc6 3. Bb5 g6 4. Bxc6 bxc6 5. f4 Bg7 6. Nf3 Qc7 7. d3 d6 8. O-O Nf6 9. Qe1 O-O 10. Qh4 c4 11. f5 cxd3 12. cxd3 Ba6 13. Rd1 Rab8 14. d4 gxf5 15. exf5 Qa5 16. g4 e6 17. Bh6 Ne8 18. Bxg7 Kxg7 19. Ne4 exf5 0-1

[Event "Early-Titled-Tuesday-Blitz-February-27-2024"]
[Site "Chess.com"]
[Date "2024.02.27"]
[Round "3"]
[White "Pikku_Myy73"]
[Black "laziestwin"]
[Result "0-1"]
[WhiteElo "2266"]
[BlackElo "2559"]
[TimeControl "180+1"]
[EndTime "8:27:20 PST"]
[Termination "laziestwin won by resignation"]

1. d4 d6 2. Nf3 Nf6 3. c4 g6 4.
Nc3 Bg7 5. e4 O-O 6. h3 c5 7. d5 a6 8. Be3 b5 9. cxb5 axb5 10.
Bxb5 Nxe4 11. Nxe4 Qa5+ 12. Bd2 Qxb5 13. Bc3 Ra4 14. Ned2 e5 15. Qe2 Qxe2+ 16. Kxe2 Ba6+ 17. Kd1 Bb7 18. b3 Ra6 19. Nc4 Bxd5 20. Ne3 Be4 21. Nd2 Bb7 22. Kc2 d5 23. Bb2 f5 24. Rhd1 f4 25.
Nef1 Nc6 26. a3 Bc8 27. Nb1 Bf5+ 28. Kc1 Nd4 29. Bxd4 cxd4 30. Kb2 d3 31. Nc3 e4 32. Rac1 e3 33. fxe3 fxe3 34. Nxe3 d4 0-1

[Event "Early-Titled-Tuesday-Blitz-February-27-2024"]
[Site "Chess.com"]
[Date "2024.02.27"]
[Round "3"]
[White "NewBornNow"]
[Black "DonMicheleCorleone"]
[Result "1-0"]
[WhiteElo "2876"]
[BlackElo "2517"]
[TimeControl "180+1"]
[EndTime "8:27:22 PST"]
[Termination "NewBornNow won by checkmate"]

1. e4 e6 2. d4 d5 3. Nc3 Bb4 4. e5 Ne7 5. a3 Bxc3+ 6. bxc3 c5 7. Nf3 Qa5 8. Bd2 Qa4 9. Qb1 a6 10. Qb3 Qxb3 11. cxb3 Nd7 12. h4 h6 13. h5 b6 14.
a4 Bb7 15. Be2 Rc8 16. Kd1 Nb8 17. b4 cxb4 18. cxb4 Nbc6 19. b5 Nb8 20. Bb4 a5 21. Ba3 Kd7 22. Kd2 f6 23. Nh4 fxe5 24. Bxe7 Kxe7 25.
Ng6+ Kd7 26. Nxh8 Rxh8 27. dxe5 Kd8 28. f4 Nd7 29. Rhf1 Ke7 30. Ke3 Nc5 31. Ra3 d4+ 32.
Kxd4 Rd8+ 33. Ke3 Bxg2 34. Rg1 Be4 35. Rxg7+ Kf8 36. Rc7 Bd5 37. Bf3 Bxf3 38. Kxf3 Rd4 39. Rc6 Ke7 40. Rxb6 Nxa4 41. Rb7+ Kd8 42. b6 Rb4 43.
Rd3+ Kc8 44. Rc7+ Kb8 45. Rd8# 1-0

[Event "Early-Titled-Tuesday-Blitz-February-27-2024"]
[Site "Chess.com"]
[Date "2024.02.27"]
[Round "3"]
[White "BeardedNM"]
[Black "ElVital"]
[Result "1-0"]
[WhiteElo "2229"]
[BlackElo "2404"]
[TimeControl "180+1"]
[EndTime "8:27:22 PST"]
[Termination "BeardedNM won by resignation"]

1. e4 g6 2. d4 Bg7 3. Nc3 d6 4. Be3 a6 5. Nf3 b5 6. Bd3 Nf6 7. Qd2 Ng4 8. Bg5 h6 9. Bh4 g5 10. Bg3 Nf6 11. O-O Nh5 12. e5 d5 13. a4 b4 14. Nd1 a5 15. Ne3 e6 16. c3 bxc3 17.
bxc3 c5 18. Bb5+ Kf8 19. dxc5 Bb7 20. Nd4 Qc8 21. Ng4 Qxc5 22. f4 Nxg3 23. hxg3 h5 24. Ne3 g4 25. Qf2 Qxc3 26. Rfd1 Qc7 27. Rac1 Qe7 28.
f5 Bxe5 29. fxe6 f6 30. Nef5 Bxd4 31. Rxd4 Qxe6 32. Re1 1-0

[Event "Early-Titled-Tuesday-Blitz-February-27-2024"]
[Site "Chess.com"]
[Date "2024.02.27"]
[Round "3"]
[White "Logman74"]
[Black "Akewjon"]
[Result "0-1"]
[WhiteElo "2512"]
[BlackElo "2818"]
[TimeControl "180+1"]
[EndTime "8:27:23 PST"]
[Termination "Akewjon won on time"]

1. e4 c5 2. Nf3 d6 3. d4 cxd4 4.
Nxd4 Nf6 5. Nc3 a6 6. f4 e5 7. Nf3 exf4 8. Bxf4 Nc6 9. Bc4 Be7 10.
O-O O-O 11. Kh1 Be6 12. Bxe6 fxe6 13. e5 Nh5 14. exd6 Nxf4 15. dxe7 Qxe7 16. Ne4 Qb4 17.
Qe1 Qxb2 18. Neg5 Qxc2 19. Rf2 Qg6 20. Qe3 Rad8 21. Raf1 h6 22. Ne4 Rd3 23. Qe1 e5 24. Nxe5 Nxe5 25. Rxf4 Rxf4 26. Rxf4 Qh5 27. Rf1 Ng4 28.
h3 Ne3 29. Rg1 Nf5 30. Qf2 Re3 31. Qf4 Rxe4 32. Qb8+ Kh7 0-1

[Event "Early-Titled-Tuesday-Blitz-February-27-2024"]
[Site "Chess.com"]
[Date "2024.02.27"]
[Round "3"]
[White "dianamirza"]
[Black "jcmesafischer"]
[Result "0-1"]
[WhiteElo "1996"]
[BlackElo "2351"]
[TimeControl "180+1"]
[EndTime "8:27:23 PST"]
[Termination "jcmesafischer won by resignation"]

1. d4 Nf6 2. Nf3 d5 3. e3 e6 4.
Bd3 c5 5. b3 Nc6 6. Bb2 cxd4 7.
exd4 Bd6 8. Nbd2 O-O 9. Ne5 Qb6 10. Nxc6 bxc6 11. O-O a5 12. f4 a4 13. Rc1 axb3 14.
axb3 Ra2 15. Ba1 Bb7 16. c4 Rxa1 17. c5 Rxc1 18. Qxc1 Qb4 19. cxd6 Qxd4+ 20. Kh1 Qxd3 21. Nf3 Ne4 22. Ne5 Qxb3 23. Rf3 Qb6 24. Nd7 Nf2+ 25. Rxf2 Qxf2 26. Nxf8 Kxf8 27. h3 Qb6 28. Qa3 c5 29. Qd3 Qxd6 30. Qxh7 Qxf4 31. Qh8+ Ke7 32. Qb8 Qxb8 0-1

[Event "Early-Titled-Tuesday-Blitz-February-27-2024"]
[Site "Chess.com"]
[Date "2024.02.27"]
[Round "3"]
[White "aRk_iN"]
[Black "wild3000"]
[Result "0-1"]
[WhiteElo "2235"]
[BlackElo "2437"]
[TimeControl "180+1"]
[EndTime "8:27:25 PST"]
[Termination "wild3000 won on time"]

1. d4 d5 2. c4 e6 3. Nc3 Nf6 4.
cxd5 exd5 5. Bg5 c6 6. e3 Be7 7. Bd3 Nbd7 8. Nge2 O-O 9. f3 Re8 10. O-O Nh5 11. Bxe7 Qxe7 12. e4 b5 13. exd5 b4 14. dxc6 bxc3 15. cxd7 Bxd7 16. bxc3 Qe3+ 17. Kh1 Rac8 18.
c4 g6 19. Rb1 Ba4 20. Rb3 Bxb3 21. axb3 a5 22. Qc2 Qh6 23. Kg1 Qe3+ 24. Kh1 Qh6 25. Kg1 Re7 26. Be4 Qe3+ 27. Kh1 Rb8 28. Rb1 f5 29.
Bd5+ Kg7 30. Ng3 Nxg3+ 31. hxg3 Qxd4 32. Qa2 Qc3 33. Qa3 Rbe8 34. Qd6 Re1+ 35. Rxe1 Qxe1+ 36.
Kh2 Qe5 37. Qc5 h5 0-1

[Event "Early-Titled-Tuesday-Blitz-February-27-2024"]
[Site "Chess.com"]
[Date "2024.02.27"]
[Round "3"]
[White "wonderfultime"]
[Black "Yan_Dyomin2010"]
[Result "1-0"]
[WhiteElo "3085"]
[BlackElo "2756"]
[TimeControl "180+1"]
[EndTime "8:27:27 PST"]
[Termination "wonderfultime won by resignation"]

1. d4 Nf6 2. Nf3 g6 3. c4 Bg7 4. g3 O-O 5. Bg2 d6 6. O-O c6 7.
Nc3 Bf5 8. Re1 Ne4 9. Qb3 Nxc3 10. bxc3 Qc7 11. e4 Bg4 12. e5 Bxf3 13. exd6 exd6 14.
Bxf3 Nd7 15. Bf4 Rfe8 16. c5 Bf8 17. cxd6 Bxd6 18. Bxd6 Qxd6 19. Qxb7 Rec8 20. Re3 Rab8 21. Qa6 Nf6 22. Rae1 Rc7 23. Re5 Kg7 24. h4 h5 25. Qa5 Rb5 26. Qa4 Nd7 27. R5e3 Nb6 28.
Qc2 Nc4 29. R3e2 c5 30. d5 Nb6 31. Re8 c4 32. Qd2 Qf6 33. Kg2 Rd7 34. Rb8 a6 35. Ree8 Kh7 36. d6 Rf5 37. Rh8+ Qxh8 38. Rxh8+ Kxh8 39. Qd4+ 1-0

[Event "Early-Titled-Tuesday-Blitz-February-27-2024"]
[Site "Chess.com"]
[Date "2024.02.27"]
[Round "3"]
[White "Dewarfd"]
[Black "inagreV"]
[Result "0-1"]
[WhiteElo "2147"]
[BlackElo "2404"]
[TimeControl "180+1"]
[EndTime "8:27:29 PST"]
[Termination "inagreV won on time"]

1. d4 Nf6 2. e3 d5 3. Nf3 c6 4. c4 Bf5 5. Bd3 Bxd3 6. Qxd3 e6 7. O-O Nbd7 8. b3 a5 9. Ba3 Bxa3 10. Nxa3 Qe7 11. Nb1 a4 12. Nc3 axb3 13. axb3 O-O 14. e4 dxe4 15. Nxe4 Nxe4 16. Qxe4 Qb4 17. Qe3 Ra3 18.
Rxa3 Qxa3 19. h3 Ra8 20. Rc1 h6 21. d5 exd5 22. cxd5 cxd5 23. Rc7 Qd6 24. Qc3 Nf6 25. Rxb7 Ne4 26. Qd4 Ra2 27. Nh4 Rxf2 28. Ra7 Qg3 29. Ra8+ Kh7 30. Qd3 Qxd3 0-1

[Event "Early-Titled-Tuesday-Blitz-February-27-2024"]
[Site "Chess.com"]
[Date "2024.02.27"]
[Round "3"]
[White "PavelChernomordik"]
[Black "alexrustemov"]
[Result "0-1"]
[WhiteElo "2426"]
[BlackElo "2837"]
[TimeControl "180+1"]
[EndTime "8:27:31 PST"]
[Termination "alexrustemov won by resignation"]

1. e4 e6 2. Nc3 d5 3. d4 dxe4 4. Nxe4 Bd7 5. Nf3 Bc6 6. Bd3 Nd7 7. Qe2 Ngf6 8. Bd2 Nxe4 9. Bxe4 Bxe4 10. Qxe4 c6 11.
O-O-O Be7 12. h4 Qc7 13. h5 h6 14. Qg4 Bf6 15. Bf4 Qa5 16. Kb1 O-O-O 17. Rhe1 Rhe8 18. Ne5 Bxe5 19. dxe5 Rg8 20. Qf3 Nb6 21. Bg3 Rxd1+ 22.
Rxd1 Rd8 23. Rxd8+ Kxd8 24. c3 Ke8 25. Qg4 Qd5 26. Kc1 Kf8 27. Qb4+ Kg8 28. f3 Nc4 29. Bf4 b5 30. b3 Nxe5 31. Bxe5 Qxe5 32. Kd2 Qg5+ 33. Kd3 Qxg2 34. Qf4 Qg1 35. Qe4 Qb1+ 36. Kd4 Qxe4+ 0-1

[Event "Early-Titled-Tuesday-Blitz-February-27-2024"]
[Site "Chess.com"]
[Date "2024.02.27"]
[Round "3"]
[White "Kev4444444444"]
[Black "Kristof_08"]
[Result "1-0"]
[WhiteElo "2276"]
[BlackElo "2434"]
[TimeControl "180+1"]
[EndTime "8:27:32 PST"]
[Termination "Kev4444444444 won by resignation"]

1. e4 c5 2. Nf3 e6 3. d4 cxd4 4. Nxd4 a6 5. Nc3 b5 6. g3 Bb7 7. Bg2 Nf6 8. a3 d6 9. O-O Be7 10. e5 Bxg2 11. exf6 Bxf1 12. fxe7 Qxe7 13. Kxf1 O-O 14.
Qf3 Ra7 15. Be3 Rc7 16. Re1 Rfc8 17. Bf4 Qd7 18. Bg5 Nc6 19. Nxc6 Rxc6 20. Qg4 Rc4 21. Qf3 d5 22. Rd1 Qc6 23. Bf4 a5 24. Ne2 Rxc2 25.
Nd4 Qc4+ 26. Kg2 Rxb2 27. Rc1 Qxc1 28. Bxc1 Rxc1 29. Qf4 Rc8 30. Qd6 Rf8 31. Nc6 g6 32. Ne7+ Kg7 33. Qe5+ f6 34. Qxb2 Rf7 35. Nc6 Rb7 36.
Nxa5 Rb6 37. Qd4 Ra6 38. Qb4 Rc6 39. Nxc6 1-0

[Event "Early-Titled-Tuesday-Blitz-February-27-2024"]
[Site "Chess.com"]
[Date "2024.02.27"]
[Round "3"]
[White "vugarrasulov"]
[Black "goodluck06"]
[Result "1-0"]
[WhiteElo "3008"]
[BlackElo "2729"]
[TimeControl "180+1"]
[EndTime "8:27:33 PST"]
[Termination "vugarrasulov won by resignation"]

1. d4 Nf6 2. c4 e6 3. Nf3 d5 4.
g3 Be7 5. Bg2 O-O 6. O-O c6 7. Be3 Nbd7 8. Qc2 b6 9. a4 a5 10. Nc3 Ba6 11. b3 Rc8 12. Nd2 Ng4 13. Bf4 g5 14. Be3 Nxe3 15. fxe3 f5 16. g4 fxg4 17.
e4 dxc4 18. Nxc4 c5 19. d5 Bxc4 20. bxc4 Ne5 21. Rxf8+ Bxf8 22. Rf1 Bg7 23. Nb5 Qd7 24. Qb3 h5 25. Nc3 Qd6 26. dxe6 Qxe6 27. Nd5 Rf8 28. Rf5 Ng6 29. Rxg5 Bd4+ 30. e3 Bg7 31. Rxg6 Qf7 32. Qc2 1-0

[Event "Early-Titled-Tuesday-Blitz-February-27-2024"]
[Site "Chess.com"]
[Date "2024.02.27"]
[Round "3"]
[White "CM_rui"]
[Black "AlmasRakhmatullaev"]
[Result "0-1"]
[WhiteElo "2608"]
[BlackElo "2837"]
[TimeControl "180+1"]
[EndTime "8:27:33 PST"]
[Termination "AlmasRakhmatullaev won by checkmate"]

1. e4 e5 2. Nf3 Nc6 3. Bb5 Nge7 4. O-O g6 5. c3 Bg7 6. d4 exd4 7. cxd4 d5 8. e5 O-O 9. h3 h6 10. Nc3 Be6 11. Re1 a6 12. Ba4 b5 13. Bc2 Nb4 14.
Bb1 Bf5 15. Bxf5 Nxf5 16. a4 c6 17. Bf4 g5 18. Bh2 Re8 19. Qd2 Qe7 20. g4 Nh4 21. Nxh4 gxh4 22. f4 c5 23. Ne2 Bf8 24. f5 cxd4 25.
Nxd4 Rac8 26. axb5 Rc4 27. Kh1 Qc5 28. Bg1 Qc7 29.
bxa6 Rxe5 30. Rxe5 Qxe5 31. a7 Nc2 32. Nxc2 Qxb2 33.
Qg2 Rxc2 34. Qxc2 Qxc2 35. a8=Q Qe4+ 36. Kh2 Qe2+ 37. Kh1 Qf3+ 38. Kh2 Qg3+ 39. Kh1 Qxh3+ 40.
Bh2 Qf3+ 41. Kg1 h3 42. Ra2 Qxg4+ 43. Kh1 Qe4+ 44. Kg1 Qe1# 0-1

[Event "Early-Titled-Tuesday-Blitz-February-27-2024"]
[Site "Chess.com"]
[Date "2024.02.27"]
[Round "3"]
[White "IM_ArthurDW08"]
[Black "bipe137"]
[Result "1-0"]
[WhiteElo "2829"]
[BlackElo "2571"]
[TimeControl "180+1"]
[EndTime "8:27:33 PST"]
[Termination "IM_ArthurDW08 won on time"]

1. e4 c5 2. Nf3 e6 3. b3 b6 4.
Bb2 Bb7 5. Nc3 Nc6 6. d4 cxd4 7. Nxd4 Nf6 8. Nxc6 Bxc6 9. Bd3 Bd6 10. O-O Qb8 11.
g3 h5 12. f4 h4 13. Qf3 hxg3 14. hxg3 Qb7 15. a4 a6 16. Qe2 Nh5 17. Kg2 f5 18. Rh1 g6 19. Nb5 axb5 20. Bxh8 fxe4 21. Bxb5 e3+ 22.
Bxc6 Qxc6+ 23. Qf3 Qxc2+ 24. Kh3 Qf5+ 25. Kh2 Rc8 26.
Rac1 Rc2+ 27. Rxc2 Qxc2+ 28. Qg2 Qxb3 29. Qe4 Kf7 30. Be5 e2 31. Rg1 Bc5 32. Rg2 Qd1 33. Qxe2 Qd5 34. Qd2 Qf3 35. Qxd7+ Be7 36. Bd6 1-0

[Event "Early-Titled-Tuesday-Blitz-February-27-2024"]
[Site "Chess.com"]
[Date "2024.02.27"]
[Round "3"]
[White "chessamical"]
[Black "Leebit02"]
[Result "0-1"]
[WhiteElo "2159"]
[BlackElo "2545"]
[TimeControl "180+1"]
[EndTime "8:27:33 PST"]
[Termination "Leebit02 won on time"]

1. d4 d5 2. c4 dxc4 3. Nf3 Nf6 4. e3 e6 5. Bxc4 c5 6. O-O a6 7.
Qe2 b5 8. Bd3 Nbd7 9. a4 bxa4 10. Nc3 Bb7 11. Rxa4 cxd4 12. exd4 Nb6 13. Ra1 Be7 14.
Bxa6 Bxa6 15. Rxa6 O-O 16. Bf4 Nfd5 17. Be5 Nb4 18.
Rxa8 Qxa8 19. Nd2 Qc6 20. Nde4 Rd8 21. Re1 Nc4 22. Qg4 Nxe5 23. dxe5 Nd3 24. Re3 Nxe5 25. Qg3 Nc4 26. Re1 Nxb2 27. h4 Qc4 28. h5 h6 29.
Qe5 Nd3 0-1

[Event "Early-Titled-Tuesday-Blitz-February-27-2024"]
[Site "Chess.com"]
[Date "2024.02.27"]
[Round "3"]
[White "Kleyton_Lima"]
[Black "Kimkibo"]
[Result "0-1"]
[WhiteElo "2526"]
[BlackElo "2169"]
[TimeControl "180+1"]
[EndTime "8:27:35 PST"]
[Termination "Kimkibo won by resignation"]

1. d4 d5 2. c4 e6 3. Nf3 Nf6 4. g3 Be7 5. Bg2 O-O 6. O-O dxc4 7. Qc2 Nc6 8. Qxc4 Nb4 9. Bd2 Nbd5 10. Nc3 a6 11. a4 b6 12. e4 Nxc3 13. Bxc3 Bb7 14. e5 Nd5 15. Rac1 c5 16. Rfd1 Rc8 17. dxc5 Bxc5 18.
Qe2 Qe7 19. h4 Rfd8 20. Ng5 h6 21. Ne4 Nxc3 22. Rxc3 Bxe4 23. Bxe4 Rxd1+ 24. Qxd1 Rd8 25. Qe2 a5 26. Bc2 Rd4 27. Rd3 Qd7 28. Qe4 g6 29.
Qe2 Qd5 30. h5 gxh5 31. Rxd4 Qxd4 32. Kg2 h4 33. g4 Qf4 34. Be4 Bd4 35. Bf3 Bxe5 36.
Qd3 h3+ 37. Kf1 h2 38. Qd8+ Kg7 39. Bg2 Qc1+ 40. Ke2 h1=Q 41. Bxh1 Qxh1 42. Qxb6 Qe4+ 43. Kf1 Qxa4 44. b3 Qxg4 45. Qxa5 Qd1+ 46. Kg2 Qd5+ 0-1

[Event "Early-Titled-Tuesday-Blitz-February-27-2024"]
[Site "Chess.com"]
[Date "2024.02.27"]
[Round "3"]
[White "annacramling"]
[Black "the_blue_pill"]
[Result "0-1"]
[WhiteElo "2104"]
[BlackElo "2398"]
[TimeControl "180+1"]
[EndTime "8:27:37 PST"]
[Termination "the_blue_pill won by checkmate"]

1. d4 Nf6 2. c4 c5 3. d5 e6 4. Nc3 exd5 5. cxd5 d6 6. e4 g6 7. f4 Bg7 8. Bb5+ Nbd7 9. e5 dxe5 10. fxe5 Nh5 11. e6 Qh4+ 12. Kf1 fxe6 13. g3 Nxg3+ 14.
Kg2 Nxh1 15. dxe6 O-O 16. Nf3 Qg4+ 17. Kxh1 Qxf3+ 18. Qxf3 Rxf3 19. exd7 Bxd7 20. Bxd7 Rd8 21. Be6+ Kh8 22. Bg5 Re8 23. Bd5 Rf2 24. Bxb7 Rxb2 25. Bc6 Rc8 26. Bd7 Rc7 27. Re1 h6 28. Re8+ Kh7 29.
Be7 Rxd7 30. Ne4 Rd1# 0-1

[Event "Early-Titled-Tuesday-Blitz-February-27-2024"]
[Site "Chess.com"]
[Date "2024.02.27"]
[Round "3"]
[White "AcostaPablo"]
[Black "Aisen1011"]
[Result "1-0"]
[WhiteElo "2637"]
[BlackElo "2446"]
[TimeControl "180+1"]
[EndTime "8:27:38 PST"]
[Termination "AcostaPablo won on time"]

1. e4 d5 2. exd5 Qxd5 3. Nc3 Qe5+ 4. Be2 Bg4 5. d4 Bxe2 6. Ngxe2 Qa5 7. O-O e6 8. Bf4 Nf6 9. a3 c6 10. Qd3 Be7 11.
Ng3 Nbd7 12. Nce4 Nxe4 13. Nxe4 O-O 14. Qg3 Qf5 15. Rfe1 Nf6 16. Nd6 Bxd6 17. Bxd6 Rfd8 18. Be5 Nh5 19. Qb3 f6 20. Bc7 Rxd4 21. Rxe6 Qd5 22. Qxb7 Rf8 23. Ree1 Rd2 24. Bg3 Nxg3 25. hxg3 Qc5 26.
Qb3+ Kh8 27. Rf1 Qxc2 28. Qb4 c5 29. Qb7 Qxb2 30. Qxa7 Rfd8 31. Qxc5 R2d5 32. Qe3 Rd3 33. Qe7 Qd2 34. Rae1 R3d7 35. Qe8+ 1-0

[Event "Early-Titled-Tuesday-Blitz-February-27-2024"]
[Site "Chess.com"]
[Date "2024.02.27"]
[Round "3"]
[White "emeli_chess"]
[Black "NFChess13"]
[Result "1-0"]
[WhiteElo "2435"]
[BlackElo "2617"]
[TimeControl "180+1"]
[EndTime "8:27:38 PST"]
[Termination "emeli_chess won by resignation"]

1. d4 d5 2. c4 c6 3. Nc3 e6 4. e3 f5 5. g4 Nf6 6. gxf5 exf5 7. Qb3 Qb6 8. Qxb6 axb6 9. cxd5 cxd5 10. Bg2 Bb4 11. Ne2 Be6 12. Bd2 Nc6 13. Nf4 Bxc3 14. Bxc3 Bf7 15. a3 g5 16. Nd3 Ne4 17. Rc1 Ke7 18.
f3 Nd6 19. O-O h5 20. e4 dxe4 21. fxe4 fxe4 22. Bxe4 Nxe4 23. Rce1 Bd5 24. Nf2 Rhf8 25. Nxe4 Rxf1+ 26. Kxf1 Rf8+ 27. Kg1 g4 28. Ng3+ Kd6 29. Nxh5 Rf3 30. Ng3 b5 31. Re3 Rf4 32. Re8 Kd7 33.
Re2 b4 34. axb4 Nxd4 35. Bxd4 Rxd4 36. b5 Bf3 37. Rc2 Rb4 38. Kf2 Rxb5 39. h3 Rh5 40.
Rd2+ Kc6 41. Nxh5 gxh3 42. Kxf3 1-0

[Event "Early-Titled-Tuesday-Blitz-February-27-2024"]
[Site "Chess.com"]
[Date "2024.02.27"]
[Round "3"]
[White "WiktoriaPOL"]
[Black "joksijoksi"]
[Result "0-1"]
[WhiteElo "2262"]
[BlackElo "2484"]
[TimeControl "180+1"]
[EndTime "8:27:38 PST"]
[Termination "joksijoksi won by resignation"]

1. c4 Nf6 2. Nc3 g6 3. g3 Bg7 4.
Bg2 O-O 5. e4 d6 6. Nge2 Nbd7 7. O-O e5 8. d3 Nc5 9. h3 Ne6 10. f4 exf4 11. gxf4 Nd7 12. f5 Nd4 13. Be3 Nxe2+ 14. Qxe2 a5 15. Nd5 c6 16. Nf4 Qh4 17.
d4 a4 18. Qf3 a3 19. b3 Ra5 20.
Ne2 c5 21. Bf2 Qg5 22. h4 Qe7 23. Nc3 cxd4 24. Nd5 Rxd5 25. exd5 Ne5 26. Qf4 Bxf5 27. Rad1 Nd3 28. Qf3 Nxf2 29. Rxf2 d3 30. Rff1 Qxh4 31.
Bh1 Bd4+ 32. Kg2 Be4 33. Rxd3 Bxf3+ 0-1

[Event "Early-Titled-Tuesday-Blitz-February-27-2024"]
[Site "Chess.com"]
[Date "2024.02.27"]
[Round "3"]
[White "viktorskliarov"]
[Black "AlexeiShirov"]
[Result "0-1"]
[WhiteElo "2582"]
[BlackElo "2857"]
[TimeControl "180+1"]
[EndTime "8:27:40 PST"]
[Termination "AlexeiShirov won by resignation"]

1. e4 e5 2. Nc3 Nf6 3. Bc4 Nxe4 4. Qh5 Nd6 5. Bb3 Be7 6. Qxe5 O-O 7. d4 Nc6 8. Qf4 Re8 9. Nge2 Bf6 10. Be3 Na5 11. O-O-O Ndc4 12. h4 Nxb3+ 13. axb3 Nxe3 14. fxe3 d5 15. e4 dxe4 16. Nxe4 Be7 17. N2c3 f5 18. Ng5 Qd6 19. Qf1 Qa6 20. Qc4+ Qxc4 21. bxc4 Bd7 22. Nd5 Bd6 23. c5 Bg3 24. Rh3 Bc6 25. c4 f4 26. Nf3 Rac8 27. Ne5 Ba4 28. Rd3 Rcd8 29. Nxc7 Rxe5 30. Rdxg3 Re1+ 31. Kd2 Rd1+ 32. Kc3 fxg3 33. d5 Rc8 34. Ne6 Bd7 35. Rxg3 Bxe6 36. dxe6 Re1 0-1